 Dungeon Crawl Stone Soup version 0.29.1-1-gd02db6906a (webtiles) character file.

Game seed: 13715109446244113067

145 lonewolfV2 the Shield-Bearer (level 5, -2/33 HPs)
             Began as a Gargoyle Fighter on Oct 17, 2022.
             Slain by a goblin
             ... wielding a +0 club
             ... led by Robin
              (5 damage)
             ... on level 4 of the Dungeon.
             The game lasted 00:04:41 (4333 turns).

lonewolfV2 the Shield-Bearer (Gargoyle Fighter)     Turns: 4333, Time: 00:04:42

Health: -2/33      AC: 12    Str: 21    XL:     5   Next: 27%
Magic:  5/5        EV:  9    Int:  9    God:
Gold:   147        SH:  5    Dex:  9    Spells: 4/4 levels left

rFire   . . .      SeeInvis .   a - +1 flail (venom)
rCold   . . .      Faith    .   c - +1 buckler
rNeg    + . .      Spirit   .   b - +0 scale mail
rPois   ∞          Reflect  .   m - +0 helmet
rElec   +          Harm     .   (no cloak)
rCorr   .          Rampage  .   (no gloves)
Will    .....                   (no boots)
Stlth   ..........              (no amulet)
HPRegen 0.11/turn               (no ring)
MPRegen 0.09/turn               (no ring)

@: mighty
A: sickness immunity, AC +4, negative energy resistance 1, electricity
resistance, torment resistance 1, petrification resistance
a: no special abilities


You were on level 4 of the Dungeon.
You visited 1 branch of the dungeon, and saw 4 of its levels.

You collected 147 gold pieces.

Inventory:

Hand Weapons
 a - a +1 flail of venom (weapon)
Armour
 b - a +0 scale mail (worn)
 c - a +1 buckler (worn)
 m - a +0 helmet (worn)
Jewellery
 n - a +6 ring of intelligence
Wands
 p - a wand of light (6)
Scrolls
 e - a scroll of poison
 g - 3 scrolls of blinking
 h - a scroll of teleportation
Potions
 f - a potion of invisibility
 i - a potion of lignification
 l - 2 potions of attraction
 o - a potion of brilliance {unknown}


   Skills:
 + Level 4.2 Fighting
 + Level 3.1 Maces & Flails
 + Level 4.2 Armour
 + Level 4.2 Shields


You had 4 spell levels left.
You didn't know any spells.
Your spell library contained the following spells:

 Spells                   Type           Power      Damage    Failure   Level
 Magic Dart               Conj           0%         1d3       80%         1
 Call Imp                 Summ           0%         N/A       91%         2
 Mephitic Cloud           Conj/Pois/Air  0%         N/A       99%         3
 Hailstorm                Conj/Ice       0%         3d3       100%        4
 Ice Form                 Ice/Tmut       0%         N/A       100%        4
 Simulacrum               Ice/Necr       0%         N/A       100%        6


Dungeon Overview and Level Annotations

Branches:
Dungeon (4/15)
 Temple: D:4-7

Altars:
Ru
The Shining One

Shops:
D:2 *

Annotations:
D:4 Robin


Innate Abilities, Weirdness & Mutations

You are immune to sickness and miasma.
Your stone body is resilient. (AC +4)
You are immune to poison.
You resist negative energy. (rN+)
You are resistant to electric shocks. (rElec)
You are resistant to unholy torment.
You are immune to petrification.


Message History

You block the goblin's attack. You block the hobgoblin's attack.
The goblin hits you but does no damage.
Okay, then.
You feel very mighty all of a sudden. You block Robin's attack.
The goblin barely misses you. The goblin closely misses you.
The goblin hits you but does no damage. You block the hobgoblin's attack.
The goblin barely misses you.
You closely miss the goblin.
Robin roars a battlecry!
The goblins go into a battle-frenzy!
The goblin closely misses you. You block the goblin's attack.
The goblin closely misses you.
The hobgoblin hits you but does no damage.
The goblin hits you but does no damage.
You closely miss the goblin.
The hobgoblin no longer looks unusually strong.
The goblin no longer looks unusually strong.
You block Robin's attack. The goblin barely misses you.
The goblin hits you but does no damage. x2
The hobgoblin hits you but does no damage.
The goblin closely misses you. The goblin barely misses you.
You block the goblin's attack.
Robin says, "Feeling lonely?"
Robin hits you but does no damage. The goblin hits you with a +0 club.
* * * LOW HITPOINT WARNING * * *
You block the goblin's attack.
The hobgoblin hits you but does no damage.
The hobgoblin attacks as you move away! You block the hobgoblin's attack.
The goblin hits you with a +0 club.
* * * LOW HITPOINT WARNING * * *
The goblin hits you with a +0 club.
* * * LOW HITPOINT WARNING * * *
Robin closely misses you. You block the goblin's attack.
Things that are here:
a +0 dagger; a hobgoblin corpse; a hobgoblin corpse You sock Robin!
Robin is poisoned.
Robin is almost dead.
You block the goblin's attack. The goblin barely misses you.
The goblin hits you with a +0 club.
You die...

# ..### .....# ###
######
......##.#####....####
.......gg#...........#
.......@gg......>...##
......g#gg..........# #
.......#............# #.
......###...........##..
...... #..........##...
...... #..........#...#
....# ##........#...#
..## #..#........##
#.###.....##


You could see Robin (very poisoned), a hobgoblin and 5 goblins.

Vanquished Creatures
  An iguana (D:4)
  Natasha (D:4)
  4 adders
  2 worms
  A dart slug (D:2)
  2 orcs (D:3)
  4 bats
  2 endoplasms
  2 giant cockroaches
  9 goblins
  3 hobgoblins
  3 kobolds
  2 quokkas (D:2)
  6 ball pythons
  4 frilled lizards
  6 rats
  A spectral goblin (D:1)
53 creatures vanquished.

Notes
Turn   | Place    | Note
-------+----------+-------------------------------------------
     0 | D:1      | lonewolfV2 the Gargoyle Fighter began the quest for the
                  | Orb.
     0 | D:1      | Reached XP level 1. HP: 14/14 MP: 1/1
   305 | D:1      | Found a faded altar of an unknown god.
   869 | D:1      | Reached XP level 2. HP: 19/19 MP: 2/2
  1881 | D:2      | Found Teckatt's Assorted Antiques.
  1985 | D:2      | Reached XP level 3. HP: 18/23 MP: 3/3
  2391 | D:2      | Identified the +6 spear of Wondrous Power {speed, rElec rC-
                  | Will++ SInv}
  2699 | D:3      | Reached XP level 4. HP: 29/29 MP: 4/4
  2764 | D:3      | Found a glowing golden altar of the Shining One.
  3409 | D:3      | Found a sacrificial altar of Ru.
  3720 | D:4      | Noticed Natasha
  3728 | D:4      | Killed Natasha
  3740 | D:4      | Reached XP level 5. HP: 7/33 MP: 5/5
  4315 | D:4      | Noticed Robin
  4333 | D:4      | Slain by a goblin

Illustrated notes

Levels and vault maps discovered:
D:1:      dpeg_arrival_boxorama, layout_loops_corners,
          dreamdust_ecumenical_altar_drowned_temple,
          hangedman_abyss_or_decor_lesser_grid
D:2:      layout_basic, serial_shops, shop_statue, kennysheep_generic_room_9
D:3:      layout_basic, minitemple
D:4:      layout_cave_pods, minmay_temple_entry_wispy, uniq_natasha, uniq_robin

Skill      XL: |  1  2  3  4 |
---------------+-------------+-----
Shields        | 4 |  4.2
Armour         | 4 |  4.2
Fighting       | 4 |  4.2
Maces & Flails | 3 |  3.1

Action                   |  1- 3 |  4- 6 || total
-------------------------+-------+-------++-------
Melee: Flail             |   123 |    52 ||   175
  Use: Scroll            |     3 |     9 ||    12
       Potion            |       |     2 ||     2
Armor: Scale mail        |    76 |    47 ||   123
Dodge: Dodged            |    78 |    49 ||   127
Block: Buckler           |    39 |    31 ||    70
